 Dungeon Sprint DCSS version bcrawl-1.15.1 (webtiles) character file.

Game seed: 523945497308884545

1733 Kerapac the Warrior (level 9, 0/100 HPs)
             Began as a Hill Orc Archaeologist on Oct 3, 2019.
             Was an Initiate of Okawaru.
             Slain by a polar bear (15 damage)
             ... in the Dungeon (Sprint II: "The Violet Keep of Menkaure").
             The game lasted 00:04:40 (791 turns).

Kerapac the Warrior (Hill Orc Archaeologist)         Turns: 791, Time: 00:04:40

Health: 0/100      AC:  6    Str: 22    XL:     9   Next: 5%
Magic:  9/9        EV: 12    Int: 14    God:    Okawaru [......]
Gold:   97         SH:  3    Dex:  9    Spells: 8/8 levels left

rFire    . . .     SeeInvis .   f - +12 sword of Power
rCold    . . .     Gourm    .   (shield currently unavailable)
rNeg     . . .     Faith    .   b - +1 robe
rPois    .         Spirit   .   c - +1 hat
rElec    .         Reflect  .   (no cloak)
rCorr    .         Harm     .   (no gloves)
MR       .....     NoTele   +   d - +1 pair of boots
Stlth    ++........             (no amulet)
HPRegen  0.26/turn              (no ring)
MPRegen  0.11/turn              (no ring)

@: mighty
A: no striking features
a: Renounce Religion


You were in the Dungeon.
You worshipped Okawaru.
Okawaru was noncommittal.
You were not hungry.

You visited 1 branch You collected 735 gold pieces.
You spent 638 gold pieces at shops.

Inventory:

Hand Weapons
 a - a +0 whip
 f - the +12 sword of Power (weapon)
Armour
 b - a +1 robe (worn)
 c - a +1 hat (worn)
 d - a +1 pair of boots (worn)
Scrolls
 m - a scroll of blinking
Potions
 e - 2 potions of cancellation
 h - a potion of curing
 i - a potion of heal wounds
 j - 2 potions of flight
 k - 2 potions of magic
 l - a potion of invisibility
 o - 2 potions of berserk rage
 p - a potion of haste
Comestibles
 g - a ration {!d}


   Skills:
 + Level 16.0 Fighting
   Level 16.0 Short Blades
   Level 16.0 Long Blades
   Level 16.0 Axes
   Level 16.0 Maces & Flails
   Level 16.0 Polearms
   Level 16.0 Staves
 - Level 2.4 Dodging
 - Level 2.6 Stealth
   Level 16.0 Unarmed Combat


You had 8 spell levels left.
You didn't know any spells.
Your spell library was empty.

Dungeon Overview and Level Annotations

Branches:
Dungeon (1/1)

Altars:
Cheibriados
Dithmenos
Elyvilon
Fedhas
Gozag
Hepliaklqana
Kikubaaqudgha
Lugonu
Makhleb
Nemelex Xobeh
Okawaru
Qazlal
Ru
Sif Muna
Trog
Uskayaw
Vehumet
Wu Jian
Xom
Yredelemnul
Zin
The Shining One
Beogh
Jiyva

Shops:
D ([:?}!%=*:[}!:=%

Annotations:
D exclusions: ice statue and oklob plant


Message History

Increase (S)trength, (I)ntelligence, or (D)exterity?
You feel stronger. The polar bear bites you. The polar bear closely misses you.
You block the polar bear's attack. The polar bear bites you!
The polar bear claws you. The polar bear closely misses you.
The polar bear barely misses you. The polar bear closely misses you.
The polar bear claws you.
You slash the yaktaur!
The yaktaur is lightly wounded.
The yaktaur hits you!
* * * LOW HITPOINT WARNING * * *
The polar bear bites you but does no damage.
The polar bear claws you.
* * * LOW HITPOINT WARNING * * *
The polar bear claws you but does no damage.
The polar bear bites you!
* * * LOW HITPOINT WARNING * * *
The polar bear closely misses you. The polar bear barely misses you.
The polar bear bites you!
You die...

.<.'##.'..### ..##.#▓(?[$
#.###..#....###...##▓▓▓▓▓
#'###.##......≈≈≈≈≈≈≈≈≈≈≈
...####≈≈...§.≈#'########
.#).#≈≈§≈≈≈§..≈#._._._..#
. .##≈≈§≈≈≈≈≈.≈#.._._._.#
#+##≈≈≈§≈≈≈≈§§≈#._._._._#
≈≈≈≈≈≈≈§≈≈≈≈§≈≈#hc_._._.#
+#+++#≈≈≈≈§§§≈≈#@h._._..#
≈S≈° ##≈§≈###≈≈#_h_._...#
≈S≈≈≈≈##≈≈# #≈≈#._._....#
°≈≈≈○≈≈+≈≈# #≈≈#_._.....#
°≈°°≈≈## §§≈≈≈≈##########
≈≈°S≈## #######≈≈≈≈≈≈≈≈
#+#### .°○.###≈#######
○°°°○##≈# 8°○°..+≈#


You could see 3 polar bears and a yaktaur.

Vanquished Creatures
  A merfolk siren (D)
  A hornet (D)
  2 hippogriffs (D)
  3 neqoxecs (D)
  4 necrophages (D)
  A crocodile (D)
  A scorpion (D)
13 creatures vanquished.

Vanquished Creatures (others)
  A neqoxec (D)
  Menkaure (D)
  A crocodile (D)
3 creatures vanquished.

Grand Total: 16 creatures vanquished

Notes
Turn   | Place    | Note
-------+----------+-------------------------------------------
     0 | D        | Kerapac the Hill Orc Archaeologist began the quest for the
                  | Orb.
     0 | D        | Reached XP level 1. HP: 15/15 MP: 1/1
     1 | D        | Noticed a necrophage
     1 | D        | Noticed a necrophage
     1 | D        | Noticed a necrophage
     1 | D        | Noticed a necrophage
    12 | D        | Killed a necrophage
    12 | D        | Reached skill level 7 in Fighting
    12 | D        | Reached XP level 2. HP: 34/34 MP: 2/2
    12 | D        | Reached XP level 3. HP: 39/39 MP: 3/3
    12 | D        | Reached XP level 4. HP: 47/47 MP: 4/4
    16 | D        | Killed a necrophage
    16 | D        | Reached skill level 10 in Fighting
    16 | D        | Reached XP level 5. HP: 58/58 MP: 5/5
    20 | D        | Killed a necrophage
    20 | D        | Reached skill level 11 in Fighting
    20 | D        | Reached XP level 6. HP: 68/68 MP: 6/6
    22 | D        | Killed a necrophage
    34 | D        | Reached skill level 12 in Fighting
    35 | D        | Found Mitat's Jewellery Shoppe.
    35 | D        | Found Ujegadi's Food Emporium.
    36 | D        | Found Noitta's Distillery.
    36 | D        | Found Haink's Book Emporium.
    37 | D        | Found Onleizi's Antique Armour Shoppe.
    37 | D        | Found Kiessedi's Gadget Emporium.
    38 | D        | Found Funad's Assorted Antiques.
    38 | D        | Found Nudegywk's Book Emporium.
    48 | D        | Found Wediluij's Jewellery Shoppe.
    49 | D        | Found Jiqam's Food Shoppe.
    49 | D        | Found Tokuk's Distillery.
    49 | D        | Noticed a shining eye
    49 | D        | Noticed a shining eye
    52 | D        | Found Uklot's Gadget Emporium.
    52 | D        | Found Ziyvvif's Magic Scroll Shoppe.
    52 | D        | Noticed a shining eye
    52 | D        | Noticed an oklob plant
    59 | D        | Found Eschilutaf's Antique Armour Shoppe.
    59 | D        | Found Piehiz's Book Shoppe.
    59 | D        | Found Nuwuikhli's Antique Weapon Emporium.
    60 | D        | Noticed a hell hog
    69 | D        | Bought 2 potions of cancellation for 176 gold pieces
    71 | D        | Noticed a redback
    73 | D        | Noticed a redback
    79 | D        | Bought a potion of might for 44 gold pieces
    81 | D        | Noticed a hell hog
    90 | D        | Killed Menkaure
   100 | D        | Noticed a neqoxec
   106 | D        | Killed a neqoxec
   106 | D        | Reached skill level 13 in Fighting
   106 | D        | Reached XP level 7. HP: 47/63 MP: 7/7
   110 | D        | Noticed a neqoxec
   115 | D        | Killed a neqoxec
   136 | D        | Noticed a neqoxec
   140 | D        | Noticed a hippogriff
   140 | D        | Noticed a hippogriff
   144 | D        | Killed a hippogriff
   144 | D        | Reached skill level 14 in Fighting
   144 | D        | Reached XP level 8. HP: 34/89 MP: 8/8
   150 | D        | Killed a hippogriff
   165 | D        | Noticed a merfolk siren
   171 | D        | Killed a merfolk siren
   171 | D        | Reached skill level 15 in Fighting
   498 | D        | Bought 2 potions of flight for 66 gold pieces
   498 | D        | Bought a potion of invisibility for 88 gold pieces
   506 | D        | Bought a potion of might for 44 gold pieces
   506 | D        | Bought 2 potions of berserk rage for 110 gold pieces
   506 | D        | Bought a potion of haste for 110 gold pieces
   762 | D        | Found a glowing silver altar of Zin.
   762 | D        | Found a radiant altar of Vehumet.
   762 | D        | Found an iron altar of Okawaru.
   763 | D        | Found a glowing golden altar of the Shining One.
   763 | D        | Found a basalt altar of Yredelemnul.
   763 | D        | Found a hide-covered altar of Uskayaw.
   763 | D        | Found a sparkling altar of Nemelex Xobeh.
   764 | D        | Found a shimmering altar of Xom.
   764 | D        | Found a bloodstained altar of Trog.
   764 | D        | Found a burning altar of Makhleb.
   765 | D        | Found an ornate altar of the Wu Jian Council.
   765 | D        | Found a shimmering blue altar of Sif Muna.
   765 | D        | Found a corrupted altar of Lugonu.
   765 | D        | Found a blossoming altar of Fedhas.
   766 | D        | Found a sacrificial altar of Ru.
   766 | D        | Found an ancient bone altar of Kikubaaqudgha.
   766 | D        | Found a white marble altar of Elyvilon.
   767 | D        | Found a stormy altar of Qazlal.
   767 | D        | Found a viscous altar of Jiyva.
   767 | D        | Found a shadowy altar of Dithmenos.
   768 | D        | Found a hazy altar of Hepliaklqana.
   768 | D        | Found a snail-covered altar of Cheibriados.
   770 | D        | Found a roughly hewn altar of Beogh.
   770 | D        | Noticed a hornet
   770 | D        | Noticed a polar bear
   771 | D        | Found an opulent altar of Gozag.
   771 | D        | Noticed a yaktaur
   771 | D        | Noticed a polar bear
   771 | D        | Noticed a polar bear
   777 | D        | Noticed an ice statue
   780 | D        | Became a worshipper of Warmaster Okawaru
   790 | D        | Killed a hornet
   790 | D        | Reached skill level 16 in Fighting
   790 | D        | Reached XP level 9. HP: 58/100 MP: 9/9
   791 | D        | Slain by a polar bear

Skill      XL: |  1  2  3  4  5  6  7  8 |
---------------+-------------------------+-----
Fighting       | 7 10 11 13 14 16 | 16.0
Short Blades   | | 16.0
Long Blades    | | 16.0
Axes           | | 16.0
Maces & Flails | | 16.0
Polearms       | | 16.0
Staves         | | 16.0
Dodging        | |  2.4
Stealth        | |  2.6
Unarmed Combat | | 16.0

Action                   |  1- 3 |  4- 6 |  7- 9 || total
-------------------------+-------+-------+-------++-------
Melee: Whip              |     9 |     4 |       ||    13
       Punch             |       |     1 |       ||     1
       Great sword       |       |    12 |    24 ||    36
  Use: Potion            |     2 |       |     2 ||     4
 Stab: Distracted        |       |       |     1 ||     1
Armor: Robe              |     2 |     1 |     8 ||    11
Dodge: Dodged            |     3 |     3 |    34 ||    40
Block: Other             |       |       |     5 ||     5
